 Dungeon Crawl Stone Soup version 0.18.1-8-gdd0e5ea (webtiles) character file.

78850 mrath the Geomancer (level 15, -5/91 HPs)
             Began as a Gargoyle Earth Elementalist on May 21, 2016.
             Was the Champion of Vehumet.
             Slain by an elephant (11 damage)
             ... on level 7 of the Lair of Beasts on May 22, 2016.
             The game lasted 04:54:55 (39074 turns).

mrath the Geomancer (Gargoyle Earth Elementalist)  Turns: 39074, Time: 04:54:57

Health: -5/91      AC: 25    Str: 12    XL:     15   Next: 61%
Magic:  10/30      EV: 15    Int: 22    God:    Vehumet [******]
Gold:   1918       SH:  4    Dex: 10    Spells: 11 memorised, 0 levels left

rFire  . . .     SeeInvis .     i - +10 quarterstaff "Cevej" {crush, +Blink +Rage}
rCold  . . .     Gourm    .     G - +2 robe {MR+}
rNeg   + . .     Faith    .     (shield currently unavailable)
rPois  ∞         Spirit   .     h - +2 helmet
rElec  +         Dismiss  .     L - +2 cloak {+Inv}
rCorr  .         Reflect  +     l - +0 pair of gloves
SustAt .         Harm     .     I - +0 pair of boots
MR     ++...                    x - +4 amulet of reflection
Stlth  +++.......               C - ring of stealth
                                V - ring of wizardry

@: flying, very resistant to hostile enchantments, fairly stealthy
A: big wings, negative energy resistance 1, electricity resistance, unbreathing,
petrification resistance, rot immunity, AC +11
a: Stop Flying, Renounce Religion, Evoke Blink, Evoke Berserk Rage, Evoke
Invisibility


You were on level 7 of the Lair of Beasts.
You worshipped Vehumet.
Vehumet was exalted by your worship.
You were not hungry.

You visited 4 branches of the dungeon, and saw 23 of its levels.

You collected 2322 gold pieces.
You spent 404 gold pieces at shops.

Inventory:

Hand Weapons
 d - a +2 morningstar of holy wrath
 i - the +10 quarterstaff "Cevej" (weapon) {crush, +Blink +Rage}
   (You found it on level 7 of the Lair of Beasts)

   It inflicts extra damage upon your enemies.
   It lets you blink.
   It lets you go berserk.
 u - a +2 mace of protection
 X - a +0 hunting sling of flaming
 Y - a +0 blowgun
Missiles
 s - 4 poisoned tomahawks (quivered)
 z - 91 sling bullets
 J - 74 poisoned needles
 S - 4 curare-tipped needles
Armour
 h - a +2 helmet (worn)
 l - a +0 pair of gloves (worn)
 G - a +2 robe of magic resistance (worn)
 I - a +0 pair of boots (worn)
 L - a +2 cloak of invisibility (worn)
Rods
 T - a +1 rod of shadows (10/10)
   (You found it on level 8 of the Dungeon)
Jewellery
 r - an uncursed ring of resist corrosion
 x - a +4 amulet of reflection (around neck)
 B - an uncursed ring of ice
 C - a ring of stealth (right hand)
 F - an uncursed ring of protection from fire
 V - a ring of wizardry (left hand)
Wands
 c - a wand of flame (37/48)
 w - a wand of lightning (9/15)
 E - a wand of teleportation (6/9)
 W - a wand of acid (11/15)
Scrolls
 b - 3 scrolls of identify
 e - 4 scrolls of fog
 k - 7 scrolls of teleportation
 o - 4 scrolls of fear
 p - 3 scrolls of remove curse
 v - a scroll of summoning
 y - 3 scrolls of magic mapping
Potions
 g - 6 potions of lignification
 j - 6 potions of curing
 A - 2 potions of might
 H - 5 potions of agility
Miscellaneous
 O - a stone of tremors
Comestibles
 t - 11 fruits


   Skills:
 + Level 9.5 Fighting
 - Level 5.4(6.0) Maces & Flails
 + Level 3.7(5.1) Staves
 + Level 9.2 Armour
 + Level 7.6 Dodging
 - Level 2.1 Stealth
   Level 3.5 Shields
 * Level 11.8 Spellcasting
 + Level 10.3 Conjurations
   Level 0.7 Transmutations
 + Level 8.5 Fire Magic
 + Level 11.9 Earth Magic
 + Level 8.0 Evocations


You couldn't memorise any spells.
You knew the following spells:

 Your Spells              Type           Power        Failure   Level  Hunger
a - Sandblast             Erth           ######       1%          1    None
b - Stone Arrow           Conj/Erth      ######       1%          3    None
c - Lee's Rapid Deconstr  Erth           ######....   1%          5    ####...
d - Fireball              Conj/Fire      ######....   1%          5    ####...
e - Repel Missiles        Chrm/Air       ##....       4%          2    None
f - Venom Bolt            Conj/Pois      #####.....   2%          5    ####...
g - Iskenderun's Battles  Conj/Chrm      #####...     2%          5    ####...
h - Force Lance           Conj/Tloc      #####...     1%          4    None
i - Apportation           Tloc           ##........   3%          1    None
j - Summon Butterflies    Summ           ##......     3%          1    None
k - Bolt of Magma         Conj/Fire/Erth ######....   1%          5    ####...


Dungeon Overview and Level Annotations

Branches:
Dungeon (12/15)            Temple (1/1) D:7            Lair (8/8) D:10
 Shoals (0/4) Lair:3        Snake (0/4) Lair:4        Slime (0/6) Lair:8
    Orc (2/2) D:9             Elf (0/3) Orc:2

Altars:
Ashenzari
Cheibriados
Elyvilon
Gozag
Kikubaaqudgha
Makhleb
Nemelex Xobeh
Okawaru
Pakellas
Ru
Sif Muna
Trog
Vehumet
Xom
Yredelemnul
The Shining One
Beogh

Shops:
D:5 ?   Orc:2 :?}%(

Annotations:
D:8 Yehuk's ghost, novice DEIE


Innate Abilities, Weirdness & Mutations

You are resistant to torment.
Your stone body is resilient (AC +11).
You are immune to poison.
Your large and strong wings let you fly indefinitely.
You resist negative energy.
You are resistant to electric shocks.
You can survive without breathing.
You are immune to petrification.
You are immune to rotting.


Message History

The elephant trunk-slaps you but does no damage.
You fly upwards.
There is a stone staircase leading down, spattered with blood here.
Casting: Bolt of Magma
Confirm with . or Enter, or press ? or * to list all spells.
Aiming: Bolt of Magma
Press: ? - help, Shift-Dir - straight line, f - elephant
Aim: an elephant The bolt of magma hits the elephant.
The elephant is moderately wounded.
The elephant closely misses you. x2
Casting: Bolt of Magma
Confirm with . or Enter, or press ? or * to list all spells.
Aiming: Bolt of Magma
Press: ? - help, Shift-Dir - straight line, f/p - elephant
Aim: an elephant (moderately wounded)
The bolt of magma hits the elephant.
The elephant is severely wounded.
The elephant tramples you!
You die...

## #####
.############...#####
...##..#............#
....#P..#..........###
...+...............#.#
....#..PP...........##
...#.#.........Y@..##
....................##
....###............#.##
...#.#..............#.#
PP#####.#..........#.#####
..# #####P...P###.#.##.###
)## ###P..#######..#.#####
..# ###...# ##.#....P#..##
..# #P...####.........<...


You could see an elephant.

Vanquished Creatures
  Gastronok (Lair:1)
  An orc warlord (Orc:1)
  Josephine (Orc:2)
  Harold (Orc:1)
  7 hydras
  A catoblepas (Lair:7)
  3 death yaks
  5 orc high priests (Orc:2)
  Urug (Orc:1)
  Sonja (Lair:1)
  A hill giant (D:12)
  9 orc knights
  4 orc sorcerers
  An oklob plant (Lair:2)
  A wolf spider (Lair:3)
  3 griffons
  A manticore (D:9)
  5 black mambas
  20 elephants
  Joseph (Lair:1)
  3 gargoyles
  15 spiny frogs
  4 rime drakes
  13 komodo dragons
  8 trolls
  A two-headed ogre (D:10)
  2 slime creatures (Lair:8)
  24 blink frogs
  A shadow (D:12)
  3 wyverns
  42 yaks
  A human (D:7)
  6 hippogriffs
  3 wraiths (Orc:1)
  2 steam dragons
  A hungry ghost (D:7)
  4 wargs
  24 water moccasins
  14 porcupines
  2 ice beasts
  49 orc warriors
  2 wasps (Lair:3)
  A sky beast (D:8)
  2 phantoms
  A necrophage (D:6)
  20 ogres
  16 wolves
  17 centaurs
  7 big kobolds
  18 crocodiles
  16 giant frogs
  A wyvern zombie (D:8)
  A water moccasin zombie (D:5)
  17 killer bees
  3 wights (D:11)
  3 electric eels
  2 vampire bats (D:4)
  6 howler monkeys
  2 crimson imps
  A giant frog zombie (D:6)
  2 quasits
  A centaur zombie (D:7)
  28 orc priests
  2 hounds
  22 orc wizards
  Crazy Yiuf (D:6)
  7 jellies
  3 giant frog skeletons
  2 centaur skeletons
  14 iguanas
  3 worker ants
  3 sheep (D:7)
  A hound zombie (D:5)
  A hound skeleton (D:8)
  2 worker ant zombies
  3 gnolls (D:8)
  21 adders
  99 river rats
  2 shadow imps
  3 oozes
  An adder zombie (D:5)
  An adder skeleton (D:4)
  A worm (D:3)
  3 dart slugs
  6 giant geckos
  118 orcs
  3 bat skeletons (D:4)
  2 bat zombies (D:4)
  2 giant cockroaches
  7 goblins
  8 hobgoblins
  10 jackals
  3 quokkas
  3 ball pythons
  19 bats
  10 giant newts
  34 kobolds
  13 rats
  A bush (Lair:3)
  A butterfly (Lair:8)
  A fungus (Lair:7)
  4 plants (Lair:6)
897 creatures vanquished.

Vanquished Creatures (collateral kills)
  An orc (Orc:2)
1 creature vanquished.

Vanquished Creatures (others)
  An orc (D:9)
  A kobold (D:9)
  47 fungi
  18 plants
67 creatures vanquished.

Grand Total: 965 creatures vanquished

Notes
Turn   | Place    | Note
--------------------------------------------------------------
     0 | D:1      | mrath the Gargoyle Earth Elementalist began the quest for the Orb.
     0 | D:1      | Reached XP level 1. HP: 10/10 MP: 3/3
   387 | D:1      | Reached XP level 2. HP: 15/15 MP: 3/5
   824 | D:1      | Reached XP level 3. HP: 19/19 MP: 2/7
  2073 | D:2      | Reached XP level 4. HP: 22/24 MP: 4/9
  2120 | D:2      | Learned a level 3 spell: Stone Arrow
  2620 | D:3      | Found a white marble altar of Elyvilon.
  2729 | D:3      | Reached skill level 1 in Conjurations
  2774 | D:3      | Reached XP level 5. HP: 28/28 MP: 7/10
  3357 | D:4      | Noticed an ogre
  3369 | D:4      | Killed an ogre
  3369 | D:4      | Reached skill level 5 in Earth Magic
  3369 | D:4      | Reached XP level 6. HP: 32/32 MP: 6/12
  3513 | D:4      | Found an ancient bone altar of Kikubaaqudgha.
  3844 | D:4      | Found a sparkling altar of Nemelex Xobeh.
  3844 | D:4      | Found a sacrificial altar of Ru.
  4157 | D:4      | Learned a level 5 spell: Lee's Rapid Deconstruction
  4158 | D:5      | Entered Level 5 of the Dungeon
  4295 | D:5      | Reached skill level 5 in Spellcasting
  4472 | D:5      | Reached XP level 7. HP: 36/36 MP: 10/14
  4485 | D:5      | Found a snail-covered altar of Cheibriados.
  4485 | D:5      | Found a burning altar of Makhleb.
  4486 | D:5      | Found a glowing golden altar of the Shining One.
  4516 | D:5      | Found Peedegh's Magic Scroll Boutique.
  4524 | D:5      | Bought a scroll of noise for 15 gold pieces
  4524 | D:5      | Bought a scroll of identify for 30 gold pieces
  4524 | D:5      | Bought a scroll of random uselessness for 15 gold pieces
  4524 | D:5      | Bought a scroll of teleportation for 45 gold pieces
  4524 | D:5      | Bought a scroll of magic mapping for 52 gold pieces
  4538 | D:5      | Found a radiant altar of Vehumet.
  4546 | D:5      | Became a worshipper of Vehumet
  4831 | D:5      | Learned a level 5 spell: Fireball
  4835 | D:5      | Found an ancient bone altar of Kikubaaqudgha.
  5045 | D:6      | Found a shimmering altar of Xom.
  5120 | D:6      | Found a basalt altar of Yredelemnul.
  5453 | D:6      | Reached skill level 1 in Fighting
  5453 | D:6      | Reached skill level 1 in Fire Magic
  5453 | D:6      | Reached XP level 8. HP: 43/43 MP: 12/16
  5491 | D:6      | Reached skill level 1 in Armour
  6074 | D:6      | Found a deep blue altar of Sif Muna.
  6114 | D:6      | Noticed Crazy Yiuf
  6118 | D:6      | Killed Crazy Yiuf
  6134 | D:6      | Learned a level 2 spell: Repel Missiles
  6339 | D:7      | Found an oddly glowing altar of Pakellas.
  6509 | D:7      | Found a staircase to the Ecumenical Temple.
  6515 | D:7      | Found an opulent altar of Gozag.
  6554 | D:7      | Reached * piety under Vehumet
  6554 | D:7      | Offered knowledge of Flame Tongue by Vehumet.
  6697 | D:6      | Reached skill level 5 in Conjurations
  6801 | D:7      | Reached skill level 1 in Evocations
  6801 | D:7      | Reached XP level 9. HP: 49/49 MP: 5/18
  7650 | D:7      | Found a bloodstained altar of Trog.
  7846 | D:8      | Identified a +1 rod of shadows (10/10) (You found it on level 8 of the Dungeon)
  8136 | D:8      | Noticed Yehuk's ghost (novice DEIE)
  8216 | D:8      | Offered knowledge of Throw Flame by Vehumet.
  8629 | D:8      | Reached ** piety under Vehumet
  9204 | D:9      | Found a shattered altar of Ashenzari.
  9420 | D:9      | Reached XP level 10. HP: 56/56 MP: 21/21
  9552 | Temple   | Entered the Ecumenical Temple
 10275 | D:9      | Noticed a manticore
 10331 | D:9      | Killed a manticore
 10587 | D:9      | Offered knowledge of Conjure Flame by Vehumet.
 10615 | D:9      | Found a staircase to the Orcish Mines.
 11173 | D:9      | Reached *** piety under Vehumet
 11610 | D:10     | Entered Level 10 of the Dungeon
 11746 | D:10     | Noticed a gargoyle
 11889 | D:10     | Noticed a gargoyle
 11893 | D:10     | Killed a gargoyle
 11907 | D:10     | Offered knowledge of Airstrike by Vehumet.
 11975 | D:10     | Killed a gargoyle
 11975 | D:10     | Reached skill level 5 in Fighting
 12108 | D:10     | Reached skill level 5 in Armour
 12261 | D:10     | Reached XP level 11. HP: 63/63 MP: 15/23
 12682 | D:10     | Found a staircase to the Lair.
 12686 | D:10     | Reached skill level 1 in Maces & Flails
 12751 | Lair:1   | Entered Level 1 of the Lair of Beasts
 12775 | Lair:1   | Noticed Sonja
 12796 | Lair:1   | Killed Sonja
 12805 | Lair:1   | Reached **** piety under Vehumet
 12846 | Lair:1   | Offered knowledge of Ignite Poison by Vehumet.
 12897 | Lair:1   | Noticed Gastronok
 13006 | Lair:1   | Killed Gastronok
 13006 | Lair:1   | Reached skill level 5 in Fire Magic
 14147 | Lair:1   | Noticed Joseph
 14153 | Lair:1   | Killed Joseph
 14611 | Lair:2   | Found a shimmering altar of Xom.
 14611 | Lair:2   | Noticed an oklob plant
 15037 | Lair:2   | Reached XP level 12. HP: 69/69 MP: 3/25
 15484 | Lair:2   | Noticed a six-headed hydra
 15491 | Lair:2   | Killed a six-headed hydra
 15507 | Lair:2   | Reached skill level 5 in Dodging
 16256 | Lair:3   | Reached skill level 5 in Evocations
 16375 | Lair:3   | Found a staircase to the Shoals.
 17884 | Lair:4   | Reached ***** piety under Vehumet
 17897 | Lair:4   | Offered knowledge of Venom Bolt by Vehumet.
 17964 | Lair:4   | Learned a level 5 spell: Venom Bolt
 18638 | Lair:4   | Reached skill level 10 in Spellcasting
 18931 | Lair:4   | Noticed an eight-headed hydra
 19161 | Lair:4   | Found a staircase to the Snake Pit.
 19319 | Lair:4   | Noticed an eight-headed hydra
 19539 | Lair:4   | Killed an eight-headed hydra
 19763 | Lair:4   | Killed an eight-headed hydra
 19763 | Lair:4   | Reached XP level 13. HP: 76/76 MP: 16/27
 19887 | Lair:5   | Reached skill level 10 in Earth Magic
 20978 | Lair:5   | Found an iron altar of Okawaru.
 23748 | Lair:6   | Reached skill level 5 in Maces & Flails
 24204 | Lair:7   | Got an ichor-stained robe
 24205 | Lair:7   | Identified the cursed +1 robe of Gamm {rPois Int+2} (You found it on level 7 of the Lair of Beasts)
 24351 | Lair:7   | Offered knowledge of Irradiate by Vehumet.
 25126 | Lair:2   | Learned a level 5 spell: Iskenderun's Battlesphere
 25131 | Lair:2   | Learned a level 4 spell: Force Lance
 25133 | Lair:2   | Learned a level 1 spell: Apportation
 25135 | Lair:2   | Learned a level 1 spell: Summon Butterflies
 25195 | Lair:7   | Reached skill level 1 in Shields
 25331 | Lair:6   | Gained mutation: Your large and strong wings let you fly indefinitely. [Gargoyle growth]
 25331 | Lair:6   | Reached XP level 14. HP: 84/84 MP: 14/28
 25667 | Lair:7   | Got a steaming quarterstaff
 25668 | Lair:7   | Identified the +10 quarterstaff "Cevej" {crush, +Blink +Rage} (You found it on level 7 of the Lair of Beasts)
 26097 | Lair:8   | Entered Level 8 of the Lair of Beasts
 26287 | Lair:8   | Reached skill level 1 in Staves
 27445 | Lair:8   | Found a staircase to the Slime Pits.
 28207 | Lair:8   | Noticed a dire elephant
 28559 | Lair:8   | HP: 3/84 [dire elephant (11)]
 28581 | Lair:8   | Noticed a dire elephant
 28592 | Lair:7   | HP: 1/84 [elephant (12)]
 29160 | Orc:1    | Entered Level 1 of the Orcish Mines
 29160 | Orc:1    | Noticed Urug
 29215 | Orc:1    | Killed Urug
 29216 | Orc:1    | Paralysed by an orc sorcerer for 5 turns
 29990 | Orc:2    | Entered Level 2 of the Orcish Mines
 30116 | Orc:1    | Found a roughly hewn altar of Beogh.
 30129 | Orc:1    | Noticed Josephine
 30152 | Orc:2    | Killed Josephine
 30521 | Orc:1    | Noticed Harold
 30800 | Orc:1    | Offered knowledge of Bolt of Magma by Vehumet.
 30916 | Orc:1    | Killed Harold
 31389 | Orc:2    | Found Xihex's Antique Weapon Shop.
 31736 | Orc:2    | Found a staircase to the Elven Halls.
 32088 | Orc:2    | Reached XP level 15. HP: 89/89 MP: 25/30
 32731 | Orc:1    | Learned a level 5 spell: Bolt of Magma
 32734 | Orc:2    | Noticed an orc warlord
 32959 | Orc:1    | Killed an orc warlord
 33492 | Orc:2    | Reached skill level 10 in Conjurations
 34540 | Orc:2    | Offered knowledge of Bolt of Draining by Vehumet.
 35545 | Orc:2    | Found Tiakol's Food Shop.
 35545 | Orc:2    | Found Curah's Book Shop.
 35589 | Orc:2    | Noticed an orc warlord
 36767 | Orc:2    | Found Soatuog's Magic Scroll Shop.
 36767 | Orc:2    | Found Zeiheo's Gadget Boutique.
 36781 | Orc:2    | Bought a scroll of summoning for 142 gold pieces
 36781 | Orc:2    | Bought a scroll of teleportation for 45 gold pieces
 36781 | Orc:2    | Bought a scroll of identify for 30 gold pieces
 36781 | Orc:2    | Bought a scroll of identify for 30 gold pieces
 38033 | D:11     | Reached ****** piety under Vehumet
 38045 | D:11     | Offered knowledge of Conjure Ball Lightning by Vehumet.
 38161 | D:11     | Got an ancient dagger
 39060 | Lair:8   | HP: 2/91 [dire elephant (15)]
 39074 | Lair:7   | Slain by an elephant

Skill      XL: |  1  2  3  4  5  6  7  8  9 10 11 12 13 14 15 |
---------------+----------------------------------------------+-----
Earth Magic    | 4 5 6 7 8 9 10 11 | 11.9
Spellcasting   | 3 4 5 6 7 8 9 10 11 | 11.8
Conjurations   | 1 2 3 4 5 6 7 8 9 10 | 10.3
Fighting       | 1 2 4 5 7 8 9 |  9.5
Fire Magic     | 1 2 3 4 5 6 7 8 |  8.5
Armour         | 2 3 5 6 7 8 9 |  9.2
Dodging        | 2 3 4 5 6 7 |  7.6
Evocations     | 1 2 3 4 5 6 7 8 |  8.0
Maces & Flails | 2 4 5 |  5.4
Shields        | 1 3 |  3.5
Staves         | 2 3 |  3.7
Stealth        | |  2.1
Transmutations | |  0.7

Action                   |  1- 3 |  4- 6 |  7- 9 | 10-12 | 13-15 || total
-------------------------+-------+-------+-------+-------+-------++-------
Melee: Club              |     6 |       |       |       |       ||     6
       Dagger            |     2 |       |       |       |       ||     2
       Short sword       |    31 |       |       |       |       ||    31
       Whip              |    19 |    99 |    21 |       |       ||   139
       Quarterstaff      |       |       |   114 |    79 |   322 ||   515
       Morningstar       |       |       |       |   234 |   140 ||   374
       Mace              |       |       |       |       |    36 ||    36
 Fire: Hunting sling     |       |       |       |    16 |       ||    16
       Blowgun           |       |       |       |     7 |    48 ||    55
Throw: Tomahawk          |       |       |     2 |    18 |    35 ||    55
       Javelin           |       |       |       |       |     2 ||     2
 Cast: Sandblast         |    57 |    72 |    41 |    19 |     6 ||   195
       Stone Arrow       |       |     2 |    97 |   359 |   886 ||  1344
       Lee's Rapid Decon |       |       |       |     3 |     1 ||     4
       Repel Missiles    |       |       |       |     2 |     2 ||     4
       Iskenderun's Batt |       |       |       |       |    13 ||    13
       Force Lance       |       |       |       |       |    17 ||    17
       Venom Bolt        |       |       |       |       |     1 ||     1
       Bolt of Magma     |       |       |       |       |    58 ||    58
       Fireball          |       |       |       |       |     4 ||     4
 Abil: Fly               |       |       |       |       |     1 ||     1
Evoke: Rod               |       |       |       |       |     1 ||     1
  Use: Scroll            |       |     3 |     4 |     7 |    14 ||    28
       Potion            |       |       |       |       |     2 ||     2
 Stab: Sleeping          |       |     2 |       |     3 |     1 ||     6
       Distracted        |       |       |       |     1 |       ||     1
  Eat: Chunk             |     4 |     7 |    14 |    25 |    61 ||   111
       Fruit             |       |       |     2 |     3 |     9 ||    14
       Beef jerky        |       |       |     3 |     2 |     2 ||     7
       Royal jelly       |       |       |       |     1 |       ||     1
Armor: Robe              |    42 |    84 |   106 |   203 |   382 ||   817
Dodge: Dodged            |    79 |   101 |   130 |   328 |   613 ||  1251
       Deflected         |       |       |       |     1 |    21 ||    22
Block: Other             |       |    12 |    46 |    90 |   178 ||   326
       Reflection        |       |       |     6 |     2 |    11 ||    19
